 Dungeon Crawl Stone Soup version 0.29-a0-1019-g84f7d21838 (webtiles) character file.

Game seed: 8466556931422955372

4335 Monkooky the Conjurer (level 10, 0/123 HPs)
             Began as a Palentonga Transmuter on Aug 10, 2022.
             Was a Believer of Vehumet.
             Killed by their own static electricity (1 damage)
             ... on level 8 of the Dungeon.
             The game lasted 00:26:17 (9565 turns).

Monkooky the Conjurer (Palentonga Transmuter)       Turns: 9565, Time: 00:26:17

Health: 0/123      AC: 25    Str: 21    XL:     10   Next: 12%
Magic:  7/16       EV:  1    Int: 19    God:    Vehumet [**....]
Gold:   319        SH:  0    Dex: 10    Spells: 8/17 levels left

rFire   + . .      SeeInvis +   g - staff of conjuration
rCold   x . .      Faith    .   (no shield)
rNeg    . . .      Spirit   .   (body armour currently unavailable)
rPois   +          Reflect  .   (helmet currently unavailable)
rElec   .          Harm     .   (cloak currently unavailable)
rCorr   .          Rampage  .   (gloves currently unavailable)
Will    .....      NoTele   +   (no barding)
Stlth   +.........              (no amulet)
HPRegen 0.30/turn               s - +6 ring of strength
MPRegen 0.15/turn               w - ring of fire

@: tree-form
A: stationary, stasis, torment immunity, boosted hp, large, rugged brown scales
3, see invisible, (deformed body), (roll 1), (armoured tail), (reflexive curl)
a: Renounce Religion


You were on level 8 of the Dungeon.
You worshipped Vehumet.
Vehumet was pleased with you.
You were a tree.
You visited 2 branches of the dungeon, and saw 9 of its levels.
You also visited: Ossuary.

You collected 512 gold pieces.
You spent 193 gold pieces at shops.

Inventory:

Hand Weapons
 c - a +2 short sword of venom
 I - a +0 flail
Missiles
 E - a curare-tipped dart
 F - 2 poisoned darts
Armour
 a - a +0 robe
 v - a +0 robe of resistance (melded)
 G - a +1 helmet (melded)
Magical Staves
 g - a staff of conjuration (weapon)
 H - a staff of fire
Jewellery
 e - a +6 ring of dexterity
 s - a +6 ring of strength (left branch)
 w - a ring of fire (right branch)
Wands
 r - a wand of mindburst (5)
Scrolls
 f - 3 scrolls of enchant armour {unknown}
 h - 5 scrolls of teleportation {unknown}
 i - a scroll of amnesia {unknown}
 k - a scroll of silence
 l - a scroll of butterflies
 m - a scroll of fear
 p - 2 scrolls of blinking
 q - a scroll of immolation
 u - 3 scrolls of enchant weapon {unknown}
 x - a scroll of vulnerability
 y - 2 scrolls of torment {unknown}
 C - 3 scrolls of magic mapping
 D - 2 scrolls of acquirement {unknown}
 J - a scroll of identify
Potions
 b - 2 potions of lignification
 d - 4 potions of attraction {unknown}
 j - 8 potions of curing {unknown}
 n - 2 potions of mutation {unknown}
 o - a potion of haste
 t - a potion of magic {unknown}
 z - a potion of heal wounds {unknown}
 B - 2 potions of flight {unknown}
 K - a potion of cancellation {unknown}


   Skills:
 * Level 6.9 Fighting
 - Level 1.5 Dodging
 - Level 3.0 Unarmed Combat
 - Level 4.0 Spellcasting
 - Level 7.0 Conjurations
 - Level 2.0 Transmutations
 - Level 4.3 Fire Magic
 - Level 4.4 Air Magic
 - Level 5.0 Evocations


You had 8 spell levels left.
You knew the following spells:

 Your Spells              Type           Power      Damage    Failure   Level
a - Beastly Appendage     Tmut           22%        N/A       6%          1
b - Wereblood             Tmut           11%        N/A       9%          2
c - Static Discharge      Conj/Air       38%        3-8/arc   1%          2
d - Sticky Flame          Conj/Fire      55%        2d7       13%         4

Your spell library contained the following spells:

 Spells                   Type           Power      Damage    Failure   Level
 Sandblast                Erth           6%         2d5       14%         1
 Magic Dart               Conj           100%       1d8       1%          1
 Conjure Flame            Conj/Fire      55%        6-21      4%          3
 Mephitic Cloud           Conj/Pois/Air  27%        N/A       9%          3
 Ignite Poison            Fire/Tmut/Pois 17%        N/A       17%         3
 Call Imp                 Summ           3%         N/A       21%         2
 Sublimation of Blood     Necr           3%         N/A       21%         2
 Spider Form              Tmut/Pois      7%         N/A       26%         3
 Frozen Ramparts          Ice            6%         1d1       38%         3
 Ice Form                 Ice/Tmut       7%         N/A       65%         4
 Dispel Undead            Necr           3%         3d7       80%         4
 Summon Ice Beast         Ice/Summ       3%         N/A       80%         4
 Summon Hydra             Summ           1%         N/A       100%        7


Dungeon Overview and Level Annotations

Branches:
Dungeon (8/15)             Temple (1/1) D:4         Ossuary (visited)
   Lair: D:8-11

Altars:
Dithmenos
Elyvilon
Fedhas
Kikubaaqudgha
Nemelex Xobeh
Okawaru
Sif Muna
Trog
Uskayaw
Vehumet
Xom
Yredelemnul
Zin

Shops:
D:2 ?*=*

Annotations:
D:5 1 runed translucent door, Crazy Yiuf


Innate Abilities, Weirdness & Mutations

You are a tree.
Your roots penetrate the ground, keeping you stationary.
You cannot be teleported.
You are immune to unholy pain and torment.
Your maximum health is greatly increased.
Your equipment is partially melded.
(You are completely covered in rugged brown scales. (AC +3, +7% HP))
You have supernaturally acute eyesight. (SInv)
((Armour fits poorly on your strangely shaped body.))
((You can roll at nearby foes to attack.))
((You have a long armoured tail.))
((You curl defensively after being hit. (AC +7*)))


Message History

You start resting.
Your primal bloodlust has ended.
You start resting.
A basilisk comes into view.
A basilisk is nearby!
Roll where?
Press: ? - help, Q - select action, (/) - cycle Dir - move target, f - basilisk
Aim: a basilisk You roll forward with a clatter of scales!
You closely miss the basilisk. The basilisk gazes at you.
You resist with some effort.
Casting: Static Discharge (safe; 1% risk of failure)
Confirm with . or Enter, or press ? or * to list all spells.
Aiming: Sticky Flame (dangerous; 13% risk of failure)
Press: ? - help, Shift-Dir - straight line, f/p - basilisk
Aim: a basilisk (100% to hit)
You feel a strong surge of power!
The sticky flame hits the basilisk!
The basilisk is moderately wounded.
The basilisk is covered in liquid flames!
The basilisk burns!
The basilisk bites you!
* * * LOW HITPOINT WARNING * * *
Really quaff the potion of lignification?
You turn into a tree.
Your +1 helmet melds into your body.
Your +0 robe of resistance melds into your body.
You feel hot and cold all over.
Your roots penetrate the ground.
The basilisk burns!
The basilisk gazes at you. You resist with some effort.
Casting: Sticky Flame (dangerous; 13% risk of failure)
Confirm with . or Enter, or press ? or * to list all spells.
You feel a surge of power!
The basilisk is struck by an arc of lightning.
The basilisk is heavily wounded.
You are struck by an arc of lightning.
* * * LOW HITPOINT WARNING * * *
The basilisk is struck by an arc of lightning.
The basilisk is severely wounded.
You are struck by an arc of lightning.
You die...

............#
.######..##.#
#..##.# #..##.#
#..##.# #. #..##.#
# #. #.(##.# .P##
#. #.###.# ....##.
#♣# #.#
....P#.######l# #.#
..........†...###.#
♣....†††.........#
P..♣.[.#####.#####
........# #.#
.....P..# #>#
P......## #.#
....... #.#


You could see a basilisk (burning).

Vanquished Creatures
  A two-headed ogre (D:8)
  A wyvern (D:8)
  2 basilisks (D:8)
  A steam dragon (D:8)
  4 water moccasins (D:8)
  A sky beast (D:6)
  An ice beast (D:6)
  2 ogres
  3 black bears
  6 wolves
  A centaur (D:7)
  2 phantoms
  A kobold brigand (D:6)
  3 gnoll sergeants (D:5)
  A bullfrog (D:7)
  2 scorpions
  3 human zombies (Ossuary)
  An orc priest (D:4)
  4 hounds
  3 jellies
  2 gnoll boudas (D:5)
  5 iguanas
  3 orc wizards
  2 mummies (Ossuary)
  14 gnolls
  9 adders
  3 white imps
  An adder zombie (Ossuary)
  2 worms
  3 dart slugs
  21 orcs
  6 bats
  11 endoplasms
  2 giant cockroaches (D:1)
  7 goblins
  10 hobgoblins
  5 jackals
  4 quokkas
  5 ball pythons
  5 frilled lizards
  2 goblin zombies (Ossuary)
  14 hobgoblin zombies (Ossuary)
  A jackal zombie (Ossuary)
  11 kobolds
  11 kobold zombies (Ossuary)
  3 orc zombies (Ossuary)
  3 rats
  2 rat zombies (Ossuary)
210 creatures vanquished.

Vanquished Creatures (others)
  6 fungi
  18 plants
24 creatures vanquished.

Grand Total: 234 creatures vanquished

Notes
Turn   | Place    | Note
-------+----------+-------------------------------------------
     0 | D:1      | Monkooky the Palentonga Transmuter began the quest for the
                  | Orb.
     0 | D:1      | Reached XP level 1. HP: 16/16 MP: 3/3
   229 | D:1      | Reached XP level 2. HP: 23/23 MP: 3/5
   238 | D:1      | Learned a level 2 spell: Wereblood
  1337 | D:2      | Reached XP level 3. HP: 31/31 MP: 6/6
  1340 | D:2      | Learned a level 2 spell: Static Discharge
  1342 | D:2      | Found Juguiqum's Jewellery Shoppe.
  1408 | D:2      | Found Wosiosif's Assorted Antiques.
  1414 | D:2      | Bought a scroll labelled NICOMEBR ZAYS for 21 gold pieces
  1414 | D:2      | Bought a fizzy black potion for 18 gold pieces
  1414 | D:2      | Bought a scroll labelled DUFFEU QIMIG for 21 gold pieces
  1414 | D:2      | Bought a fuming cyan potion for 18 gold pieces
  1414 | D:2      | Bought a scroll labelled TEATIZ GEINORCH for 21 gold pieces
  1427 | D:2      | Found Goeciah's General Store.
  1438 | D:2      | Bought a scroll of noise for 12 gold pieces
  1685 | D:2      | Reached skill level 1 in Conjurations
  1731 | D:2      | Found Vyigruega's Magic Scroll Boutique.
  1748 | D:2      | Bought a scroll of blinking for 82 gold pieces
  2180 | D:3      | Reached skill level 1 in Air Magic
  2180 | D:3      | Reached XP level 4. HP: 30/37 MP: 4/7
  2213 | D:3      | Reached skill level 2 in Conjurations
  2795 | D:3      | Reached XP level 5. HP: 43/43 MP: 5/8
  3166 | D:3      | Found a faded altar of an unknown god.
  3171 | D:3      | Found an iron altar of Okawaru.
  3321 | D:4      | Reached skill level 3 in Conjurations
  3404 | D:4      | Found a blossoming altar of Fedhas.
  3751 | D:4      | Found a staircase to the Ecumenical Temple.
  3764 | D:4      | Found a glowing silver altar of Zin.
  3776 | Temple   | Entered the Ecumenical Temple
  4152 | D:4      | Found a shadowy altar of Dithmenos.
  4206 | D:4      | Noticed a phantom
  4212 | D:4      | Killed a phantom
  4213 | D:4      | Reached skill level 4 in Conjurations
  4213 | D:4      | Reached XP level 6. HP: 43/50 MP: 1/9
  4851 | D:5      | Entered Level 5 of the Dungeon
  5077 | D:5      | Reached skill level 5 in Conjurations
  5077 | D:5      | Gained mutation: You curl defensively after being hit. (AC
                  | +7*) [Palentonga growth]
  5077 | D:5      | Reached XP level 7. HP: 31/55 MP: 3/10
  5479 | D:5      | Reached skill level 6 in Conjurations
  5493 | D:5      | Found a runed translucent door.
  5494 | D:5      | Noticed Crazy Yiuf
  5927 | D:5      | Reached XP level 8. HP: 12/62 MP: 1/11
  6273 | D:5      | Reached skill level 7 in Conjurations
  6285 | D:5      | Learned a level 4 spell: Sticky Flame
  6623 | Temple   | Became a worshipper of Vehumet
  6707 | D:6      | Reached skill level 1 in Fire Magic
  8167 | D:7      | Found a sand-covered staircase.
  8181 | Ossuary  | Entered an ossuary
  8241 | Ossuary  | Reached * piety under Vehumet
  8241 | Ossuary  | Offered knowledge of Freeze by Vehumet.
  8375 | Ossuary  | Reached XP level 9. HP: 17/67 MP: 5/13
  8786 | D:7      | Offered knowledge of Sandblast by Vehumet.
  8850 | D:7      | Found a bloodstained altar of Trog.
  8934 | D:7      | Reached ** piety under Vehumet
  8935 | D:7      | Reached skill level 1 in Evocations
  9335 | D:8      | Noticed a two-headed ogre
  9339 | D:8      | Killed a two-headed ogre
  9340 | D:8      | Reached skill level 5 in Evocations
  9514 | D:8      | Reached XP level 10. HP: 18/81 MP: 9/16
  9563 | D:8      | HP: 2/82 [basilisk (15)]
  9565 | D:8      | Killed from afar by themself

Illustrated notes

Levels and vault maps discovered:
D:1:      lightli_arrival_maybe_door_vault, layout_basic, serial_curves,
          eino_curves_03, eino_curves_01, eino_curves_04
D:2:      layout_loops_ring, serial_shops, shop, shop, nicolae_shop_waterfront,
          shop, minmay_misc_feat_square, minmay_heptomino_l4
D:3:      minmay_inner_zag, layout_rooms, nicolae_overflow_ecumenical_swirl,
          minmay_hedge_maze
D:4:      layout_basic, grunt_dithmenos_smoke, zin_academy, fedhas_altar_3,
          minmay_temple_entry_statues, serial_bayou_ford_a, st_stairs_10,
          patterned_corridor
D:5:      layout_cave_pools, serial_gnoll_camp, gnoll_camp_mini_loothouse,
          gnoll_camp_mini_house, gnoll_camp_mini_basic, gnoll_camp_huts_basic,
          minmay_misc_feat_chi, uniq_crazy_yiuf_cottage
D:6:      layout_cave_pools, chequers_serial_rivers_micro_c
D:7:      layout_loops_ring, trog_ov_bears_minmay, enter_ossuary_3,
          serial_bayou_crossing
D:8:      layout_loops_ring, minmay_lair_entry_grove,
          chequers_serial_rivers_small_b
Temple:   hellmonk_temple_forest_ring

Skill      XL: |  1  2  3  4  5  6  7  8  9 |
---------------+----------------------------+-----
Fighting       | 2 3 6 |  6.9
Conjurations   | 1 2 4 5 6 7 |  7.0
Air Magic      | 1 2 3 4 |  4.4
Fire Magic     | 4 |  4.3
Spellcasting   | 3 4 |  4.0
Evocations     | 5 |  5.0
Dodging        | |  1.5
Unarmed Combat | |  3.0
Transmutations | |  2.0

Action                   |  1- 3 |  4- 6 |  7- 9 | 10-12 || total
-------------------------+-------+-------+-------+-------++-------
Melee: Unarmed           |    26 |       |    45 |       ||    71
       Kick              |     7 |     2 |    13 |       ||    22
       Tailslap          |     7 |    13 |    42 |       ||    62
       Headbutt          |     3 |     2 |     9 |       ||    14
       Short sword       |    54 |   105 |    36 |       ||   195
       Punch             |     1 |     1 |     5 |       ||     7
       Staff             |       |       |   145 |     1 ||   146
 Cast: Beastly Appendage |     5 |     4 |     7 |       ||    16
       Static Discharge  |     2 |     9 |    35 |     2 ||    48
       Wereblood         |     1 |     3 |    15 |       ||    19
       Sticky Flame      |       |       |     9 |     2 ||    11
 Abil: Rolling Charge    |    33 |    32 |    46 |     1 ||   112
Evoke: Wand              |       |       |     3 |       ||     3
  Use: Scroll            |       |       |    10 |       ||    10
       Potion            |       |       |     2 |     1 ||     3
 Stab: Sleeping          |       |     2 |       |       ||     2
Armor: Robe              |    19 |    33 |    86 |       ||   138
       Skin              |       |       |    35 |       ||    35
Dodge: Dodged            |    30 |    41 |   140 |     1 ||   212

Table legend: (Time is in decaauts)
 A = Elapsed time spent in this place.
 B = Non-inter-level travel time spent in this place.
 C = Inter-level travel time spent in this place.
 D = Time resting spent in this place.
 E = Time spent auto-exploring this place.
 F = Levels seen in this place.
 G = Mean time per level.
                   A        B        C        D        E       F      G
               +--------+--------+--------+--------+--------+-----+--------+
         Total |   9633 |   9279 |    354 |    588 |   7469 |  10 |  963.3 |
       Dungeon |   8909 |   8596 |    313 |    588 |   6949 |   8 | 1113.6 |
        Temple |    182 |    142 |     40 |      0 |    132 |   1 |  182.0 |
       Ossuary |    541 |    541 |      0 |      0 |    388 |   1 |  541.0 |
               +--------+--------+--------+--------+--------+-----+--------+

Top non-repeatable levels by time:
     D:5: 2011 daAuts
     D:4: 1402 daAuts
     D:1: 1297 daAuts
     D:3: 1156 daAuts
     D:6: 1101 daAuts
     D:7: 886 daAuts
     D:2: 873 daAuts
 Ossuary: 541 daAuts
  Temple: 182 daAuts
     D:8: 178 daAuts
